 Dungeon Crawl Stone Soup version 0.17.0-24-gcfadda4 (webtiles) character file.

338 Gargoyl the Covered (level 6, 0/48 HPs)
             Began as a Demonspawn Abyssal Knight on Nov 18, 2015.
             Was a Priest of Lugonu.
             Succumbed to an orc wizard's poison
             ... on level 4 of the Dungeon.
             The game lasted 00:08:20 (4877 turns).

Gargoyl the Covered (Demonspawn Abyssal Knight)     Turns: 4877, Time: 00:08:20

Health: 0/48       AC:  9    Str: 14      XL:     6   Next: 29%
Magic:  8/8        EV: 11    Int: 14      God:    Lugonu [***...]
Gold:   250        SH:  5    Dex: 15 (17) Spells: 0 memorised, 5 levels left

rFire  . . .     SeeInvis .     a - +2 hand axe
rCold  + . .     Clarity  .     g - +0 chain mail
rNeg   . . .     SustAt   +     m - +1 buckler
rPois  .         Gourm    .     (no helmet)
rElec  .         Spirit   .     (no cloak)
rCorr  .         Warding  .     (no gloves)
rMut   .         Stasis   .     (no boots)
MR     .....                    (no amulet)
Stlth  ..........               (no ring)
                                q - ring of sustain attributes

@: agile, lethally poisoned (0 -> -10), flying, not resistant to hostile
enchantments, extremely unstealthy
A: hooves 1, cold resistance 1, demonic guardian 1
a: Depart the Abyss, Bend Space, Banish, Renounce Religion


You were on level 4 of the Dungeon.
You worshipped Lugonu.
Lugonu was most pleased with you.
You were not hungry.

You visited 1 branch of the dungeon, and saw 4 of its levels.
You visited the Abyss 1 time.

You collected 250 gold pieces.

Inventory:

Hand Weapons
 a - a +2 hand axe (weapon)
 b - a +0 flail
Missiles
 r - 6 tomahawks (quivered)
Armour
 g - a +0 chain mail (worn)
 m - a +1 buckler (worn)
Jewellery
 q - a ring of sustain attributes (left hand)
Wands
 s - a wand of lightning (8)
 t - a wand of lightning (10)
Scrolls
 d - 5 scrolls of identify
 i - a scroll of remove curse
Potions
 f - a potion of degeneration
 o - a potion of flight
Comestibles
 j - 2 meat rations
 k - 7 fruits
 n - 2 royal jellies


   Skills:
 + Level 3.8 Fighting
 + Level 3.1 Axes
 + Level 0.1 Throwing
 + Level 4.1 Armour
 + Level 2.0 Dodging
 + Level 0.4 Stealth
 + Level 0.8 Shields
 + Level 3.1 Invocations


You had 5 spell levels left.
You didn't know any spells.

Dungeon Overview and Level Annotations

Branches:
Dungeon (4/15)
 Temple: D:4-7

Altars:
Gozag
Okawaru
Trog


Innate Abilities, Weirdness & Mutations

You have large cloven feet.
Your flesh is cold resistant.
A weak demonic guardian rushes to your aid.


Message History

You feel sick.
* * * LOW HITPOINT WARNING * * *
You feel sick.
* * * LOW HITPOINT WARNING * * *
You feel sick.
* * * LOW HITPOINT WARNING * * *
You feel sick.
* * * LOW HITPOINT WARNING * * *
You feel sick.
* * * LOW HITPOINT WARNING * * *
You feel sick.
* * * LOW HITPOINT WARNING * * *
You feel sick.
* * * LOW HITPOINT WARNING * * *
You feel sick.
* * * LOW HITPOINT WARNING * * *
You feel sick.
* * * LOW HITPOINT WARNING * * *
You feel sick.
You die...

####
...#################
)#.#.#.#.#.#.#.#.#.#
#)#.#.#.#.#.#.#.#.##
)#.#.#.#.#.#.#.#.#.#
#.#.#.#.#.#.#.#.#.##
.#.#.#.#.#.#.#.#.#.#
#.#.#.#.#.#.#.#.#.#
.#.#.#.#########@#
#.#.#.#.# #.#.#
.#.#.#.## ## #.#
#.#.#.#.# ##
.#>#.#.## #.#.#.#.#
##.# .#.#.#.## ....
#.#.#.#. .#.#.#. #.#


There were no monsters in sight!

Vanquished Creatures
  An orc priest (D:3)
  Terence (D:3)
  4 orc wizards (D:4)
  2 gnolls (D:2)
  4 adders
  A worm (D:2)
  2 giant geckos (D:2)
  12 orcs
  A ball python (D:2)
  4 giant cockroaches
  8 goblins
  14 hobgoblins
  A quokka (D:4)
  8 bats
  4 giant newts
  6 jackals
  17 kobolds
  9 rats
  A plant (D:2)
100 creatures vanquished.

Vanquished Creatures (collateral kills)
  2 gnolls (D:2)
  A kobold (D:3)
3 creatures vanquished.

Grand Total: 103 creatures vanquished

Notes
Turn   | Place    | Note
--------------------------------------------------------------
     0 | Abyss:1  | Gargoyl the Demonspawn Abyssal Knight began the quest for the Orb.
     0 | Abyss:1  | Reached XP level 1. HP: 18/18 MP: 2/2
     7 | Abyss:1  | Found an opulent altar of Gozag.
    70 | Abyss:1  | Noticed an orange demon
    76 | Abyss:1  | Noticed a large abomination
    82 | Abyss:1  | Noticed a wizard
    97 | Abyss:2  | Found a shimmering altar of Xom.
   101 | Abyss:2  | Noticed a blink frog
   102 | D:1      | Escaped the Abyss
   105 | D:1      | Noticed a human
   107 | D:1      | Noticed a vine stalker
   109 | D:1      | Noticed a merfolk
   109 | D:1      | Noticed a minotaur
   111 | D:1      | Noticed a dwarf
   113 | D:1      | Noticed a gargoyle
   113 | D:1      | Noticed a centaur
   115 | D:1      | Noticed a naga
   115 | D:1      | Noticed an elf
   117 | D:1      | Noticed a spriggan
   117 | D:1      | Noticed a formicid
   119 | D:1      | Noticed a demonspawn
   119 | D:1      | Noticed a felid
   121 | D:1      | Noticed a tengu
   121 | D:1      | Noticed a draconian
   125 | D:1      | Noticed an ogre
   125 | D:1      | Noticed an octopode
   127 | D:1      | Noticed a troll
   127 | D:1      | Noticed a demigod
   129 | D:1      | Noticed a vampire
   129 | D:1      | Noticed a ghoul
   378 | D:1      | Gained mutation: You have large cloven feet. [demonic ancestry]
   378 | D:1      | Reached XP level 2. HP: 24/24 MP: 4/4
   386 | D:1      | Reached * piety under Lugonu
   570 | D:1      | Reached skill level 1 in Dodging
  1203 | D:2      | Gained mutation: A weak demonic guardian rushes to your aid. [demonic ancestry]
  1203 | D:2      | Reached XP level 3. HP: 27/29 MP: 5/5
  1639 | D:2      | Reached ** piety under Lugonu
  2431 | D:2      | Reached XP level 4. HP: 18/35 MP: 6/6
  3188 | D:3      | Reached XP level 5. HP: 41/41 MP: 7/7
  3629 | D:3      | Noticed Terence
  3645 | D:3      | Killed Terence
  3909 | D:3      | Found an iron altar of Okawaru.
  3909 | D:3      | Found a bloodstained altar of Trog.
  4496 | D:4      | Found an opulent altar of Gozag.
  4679 | D:4      | Reached *** piety under Lugonu
  4704 | D:4      | Gained mutation: Your flesh is cold resistant. [demonic ancestry]
  4704 | D:4      | Reached XP level 6. HP: 44/48 MP: 8/8
  4854 | D:4      | Reached skill level 4 in Armour
  4874 | D:4      | HP: 2/48 [poisoned by an orc wizard]
  4877 | D:4      | Succumbed to an orc wizard's poison

Action                   |  1- 3 |  4- 6 || total
-------------------------+-------+-------++-------
Melee: Hand axe          |   176 |   219 ||   395
Throw: Tomahawk          |     5 |       ||     5
Invok: Depart the Abyss  |     1 |       ||     1
  Use: Potion            |     1 |     7 ||     8
       Scroll            |       |     9 ||     9
  Eat: Bread ration      |     1 |     2 ||     3
       Beef jerky        |     1 |       ||     1
